Unix NetHack Version 5.0.0-0 post-release - last build Jun 10 2026 00:39:30 (3ee93aec679c4c4259841fe613dc97188e26a321,branch:main).

Game began 2026-06-15 05:26:46, ended 2026-06-15 05:39:10.

CyberFan, chaotic male human Rogue

      ---
   -.--.--
   ......|
   .....--                          ------    ----...
   ....-                            |..|.--   |.....--
   ....--                           |.....-----.--...-
   .....-- ------                   ---....[[...| .|..|
   -............---                   --...------  |..|
   |........---...-- -#....            |...---     ..-|
   --)...----  --..........            -.....|     |..|
    ...<.|       -.....--..            ..^...|     --.|
     ....---    |..#----...-            .....-      |.|
      .....|  #--.#-    -...              ....      |.--             ...---
       ....----#..|     |.)---................|     |..|   -------...e@...|
       ......||...|     |[[--.................|     --.-   |.........h....|
       .....---..--     |.))..---............--      |..----.-------....|.-
       ---..||...|      |.|.--- --..........--       |....(..|
             --..|      |.|--     ....--...--        |.-------
               ---                                   ---

CyberFan the Cutpurse   St:14 Dx:16 Co:10 In:15 Wi:12 Ch:9  Chaotic
Dlvl:3  $:98 HP:0(36) Pw:24(24) AC:-2 Xp:5/198 T:2032  Satiated

Latest messages:
 What do you want to remove? [*]
 You were wearing a +0 hooded cloak.
 What do you want to remove? [*]
 You hear crashing rock.
 You finish taking off your suit.
 What do you want to wear? [czNO or ?*]
 You finish your dressing maneuver.
 What do you want to drop? [$b-fhik-moprvx-zB-GI-O or ?*]
 You drop an uncursed +1 leather armor.
 Your movements are now unencumbered.
 The kitten picks up a mummy wrapping.
 What do you want to wear? [zN or ?*]
 You finish your dressing maneuver.
 What do you want to wear? [z or ?*]
 You are now wearing a hooded cloak.
 The arrow hits the kitten!
 The kitten is killed!
 You see here a blindfold.
 You hear a crunching sound.
 You hit the gnome.
 You hit the gnome.
 The gnome hits!
 You feel more confident in your weapon skills.
 (Tip: use the #enhance command to advance them.)
 You hit the gnome.
 You kill the gnome!
 #
 You are now more skilled in dagger.
 Pick a monster, object or location.
 You hit the floating eye!
 You are frozen by the floating eye's gaze!
 The arrow hits the floating eye.
 The arrow misses the floating eye.
 You are hit by an arrow.
 An arrow misses you.
 The dwarf thrusts his broad short sword.
 The dwarf hits!
 The dwarf thrusts his broad short sword.
 The dwarf hits!
 The dwarf thrusts his broad short sword.
 The dwarf misses!
 The dwarf thrusts his broad short sword.
 The dwarf misses!
 The dwarf thrusts his broad short sword.
 The dwarf hits!
 The dwarf thrusts his broad short sword.
 The dwarf misses!
 The dwarf thrusts his broad short sword.
 The dwarf hits!
 You die...

Inventory:
 Coins    ('$')
  $ - 98 gold pieces
 Weapons  (')')
  b - an uncursed +0 dagger named ammo (weapon in right hand)
  M - 6 uncursed +0 daggers named ammo (at the ready)
 Armor    ('[')
  F - an uncursed +0 dwarvish iron helm (being worn)
  N - a blessed +0 pair of iron shoes (being worn)
  G - an uncursed +0 dwarvish roundshield (being worn)
  z - an uncursed +0 dwarvish cloak (being worn)
  O - an uncursed +0 dwarvish mithril-coat (being worn)
 Comestibles  ('%')
  i - 2 uncursed food rations
  D - 2 uncursed sprigs of wolfsbane
  I - an uncursed egg
 Scrolls  ('?')
  E - an uncursed scroll of destroy armor
  y - an uncursed scroll of enchant weapon
 Potions  ('!')
  C - an uncursed potion of extra healing
  k - an uncursed potion of gain ability
  l - an uncursed potion of invisibility
  B - an uncursed potion of object detection
  o - an uncursed potion of oil
  d - an uncursed potion of sickness
 Wands    ('/')
  p - an uncursed wand of magic missile (0:5)
 Tools    ('(')
  f - an empty uncursed sack
  e - an uncursed lock pick
  L - a cursed magic marker (0:85)
  h - a cursed magic whistle named cursed?
  m - an uncursed stethoscope
 Gems/Stones  ('*')
  x - an uncursed aquamarine stone
  r - 2 uncursed jade stones
  v - an uncursed worthless piece of black glass
  K - an uncursed worthless piece of red glass
  J - 2 uncursed worthless pieces of violet glass

CyberFan the Rogue's attributes:

Background:
 You were a Cutpurse, a level 5 male human Rogue.
 You were chaotic, on a mission for Kos
 who was opposed by Issek (lawful) and Mog (neutral).
 You were right-handed.
 You were in the Gnomish Mines, on level 3.
 You entered the dungeon 2032 turns ago.
 It was nighttime.
 There was a new moon in effect when your adventure ended.
 You had 198 experience points, 122 more were needed to attain level 6.

Basics:
 You had 0 out of 36 hit points.
 You had all 24 energy points (spell power).
 Your armor class was -2.
 Your wallet contained 98 zorkmids.
 Autopickup was on for '$%?!"=/*' plus thrown, with exceptions.

Final Characteristics:
 Your strength was 14 (limit:18/100).
 Your dexterity was 16 (limit:18).
 Your constitution was 10 (limit:18).
 Your intelligence was 15 (limit:18).
 Your wisdom was 12 (limit:18).
 Your charisma was 9 (limit:18).

Final Status:
 You were satiated.
 You were unencumbered.
 You were wielding a dagger.
 You were skilled in dagger.

Final Attributes:
 You were devoutly aligned.
 Your items were somewhat protected from fire.
 Your items were somewhat protected from cold.
 You were telepathic.
 You were stealthy.
 You were guarded.
 You are dead.

Miscellaneous:
 You disabled loading and storing of bones levels.
 Total elapsed playing time was 12 minutes and 23 seconds.

Major events:
 Turn
    1: CyberFan the chaotic male human Rogue entered the dungeon
  366: entered the Gnomish Mines
  761: attained the rank of Cutpurse (level 3)
 2032: killed by a dwarf, while frozen by a floating eye's gaze

You didn't know any spells.

Skills:
 Fighting Skills
   bare handed combat [Unskilled]
   two weapon combat  [Unskilled]
   riding             [Unskilled]
 Weapon Skills
   dagger             [Skilled]
   knife              [Unskilled]
   short sword        [Basic]
   broadsword         [Unskilled]
   long sword         [Unskilled]
   two-handed sword   [Unskilled]
   saber              [Unskilled]
   club               [Unskilled]
   mace               [Unskilled]
   morning star       [Unskilled]
   flail              [Unskilled]
   hammer             [Unskilled]
   polearms           [Unskilled]
   spear              [Unskilled]
   crossbow           [Unskilled]
   dart               [Unskilled]
   shuriken           [Unskilled]
 Spellcasting Skills
   divination spells  [Unskilled]
   escape spells      [Unskilled]
   matter spells      [Unskilled]

Voluntary challenges:
 Character rerolling was not enabled.
 You never genocided any monsters.
 You never polymorphed an object.
 You never changed form.
 You used no wishes.
Achievements:
 You entered the Gnomish Mines.
 You entered a shop.
 You attained the rank of Cutpurse.

 The Dungeons of Doom: levels 1 to 6
    Level 1:
       Many fountains.
    Level 2:
       A food shop, a fountain.
       Stairs down to The Gnomish Mines.
    Level 3:
       Some fountains.
    Level 4:
    Level 5:
    Level 6:
 The Gnomish Mines:
    Level 3: <- You were here.
       Final resting place for
          you, killed by a dwarf, while frozen by a floating eye's gaze.


Vanquished creatures:
  3 gnome leaders
  a kobold mummy
  2 floating eyes
  a kitten
  3 dwarves
  a kobold leader
 an acid blob
  a coyote
  a gas spore
  a hobbit
  a large kobold
  a hobgoblin
  8 gnomes
  a garter snake
  4 geckos
  a jackal
  2 kobolds
  2 goblins
  2 sewer rats
  2 grid bugs
  2 lichens
  2 kobold zombies
  4 newts
47 creatures vanquished.

No species were genocided or became extinct.

Game over:
                       ----------
                      /          \
                     /    REST    \
                    /      IN      \
                   /     PEACE      \
                  /                  \
                  |     CyberFan     |
                  |      98 Au       |
                  |   killed by a    |
                  |      dwarf       |
                  |                  |
                  |                  |
                  |       2026       |
                 *|     *  *  *      | *
        _________)/\\_//(\/(/\)/\//\/|_)_______

Goodbye CyberFan the Rogue...

You died in The Gnomish Mines on dungeon level 3 with 1151 points,
and 98 pieces of gold, after 2032 moves.
You were level 5 with a maximum of 36 hit points when you died.

